 Dungeon Crawl Stone Soup version 0.31.0-12-g77e489cdc1 (webtiles) character file.

Game seed: 12851390206518720162

152 spaghetti the Sneak (level 5, 0/34 HPs)
             Began as a Deep Elf Chaos Knight on Feb 16, 2024.
             Was a Follower of Dithmenos.
             Slain by an adder (4 damage)
             ... on level 3 of the Dungeon.
             The game lasted 00:03:17 (2284 turns).

spaghetti the Sneak (Deep Elf Chaos Knight)         Turns: 2284, Time: 00:03:18

Health: 0/34       AC:  5    Str:  8 (9)  XL:     5   Next: 11%
Magic:  8/8        EV: 12    Int: 17      God:    Dithmenos [*.....]
Gold:   114        SH:  0    Dex: 14      Spells: 4/4 levels left

rFire   + . .        a - +1 short sword (chaos)
rCold   + . .        (no shield)
rNeg    . . .        b - +2 leather armour
rPois   +            (no helmet)
rElec   +            (no cloak)
rCorr   +            (no gloves)
SInv    .            (no boots)
Will    .....        d - amulet of faith
Stlth   +++          (no ring)
HPRegen 0.25/turn    (no ring)
MPRegen 0.11/turn

%: faith
@: resistant, wreathed by umbra
A: clumsy 1, deterioration 1, robust 1, wild magic 2
a: Renounce Religion


You were on level 3 of the Dungeon.
You worshipped Dithmenos.
Dithmenos was aware of your devotion.
You visited 1 branch of the dungeon, and saw 3 of its levels.

You collected 114 gold pieces.

Inventory:

Hand Weapons
 a - a +1 short sword of chaos (weapon)
Armour
 b - a +2 leather armour (worn)
Jewellery
 d - an amulet of faith (around neck)
Wands
 f - a wand of polymorph (13)
Scrolls
 c - a scroll of butterflies
 e - 2 scrolls of fog
 h - 3 scrolls of poison
 i - a scroll of noise
 j - a scroll of vulnerability
 n - 3 scrolls of identify
 o - 2 scrolls of amnesia
 p - a scroll of enchant weapon
Potions
 g - a potion of enlightenment
 k - 2 potions of lignification
 l - a potion of resistance
 m - a potion of mutation


   Skills:
 - Level 2.4 Fighting
 - Level 3.0 Short Blades
 - Level 0.7 Armour
 - Level 2.4 Dodging
 + Level 5.8 Stealth
 + Level 2.0 Invocations


You had 4 spell levels left.
You didn't know any spells.
Your spell library contained the following spells:

 Spells                   Type           Power      Damage    Failure   Level
 Cigotuvi's Dreadful Rot  Necr/Alch/Air  0%         N/A       63%         2
 Ignite Poison            Fire/Alch      0%         N/A       99%         4
 Freezing Cloud           Conj/Ice/Air   0%         6-21      100%        5


Dungeon Overview and Level Annotations

Branches:
Dungeon (3/15)

Altars:
Ashenzari
Dithmenos
Elyvilon
Gozag
Trog


Innate Abilities, Weirdness & Mutations

You are clumsy. (Dex -2)
Your body sometimes deteriorates upon taking damage.
You are robust. (+10% HP)
Your spells are harder to cast, but more powerful.


Message History

You are too injured to fight recklessly!
You are too injured to fight recklessly!
You are too injured to fight recklessly!
You are too injured to fight recklessly!
Unknown command.
You feel sick.
The orc wizard's magic is no longer disrupted.
The adder bites you but does no damage.
You feel sick. The adder attacks as it pursues you! The adder misses you.
The orc wizard casts a spell at you.
You are confused.
You're too confused to move!
You feel sick. The adder bites you.
The orc wizard hits you with a +0 dagger.
You bump into the rock wall.
You feel sick. The adder bites you. x2
* * * LOW HITPOINT WARNING * * *
The orc wizard hits you but does no damage.
Unknown command.
Okay, then.
You are too confused!
Unknown command.
You are too confused!
Unknown command.
You feel protected.
You feel sick.
You are no longer poisoned.
The adder bites you.
* * * LOW HITPOINT WARNING * * *
The orc wizard misses you.
Okay, then.
You bump into the rock wall.
The adder closely misses you. The orc wizard casts a spell at you.
You resist with some effort.
Okay, then.
You are too confused!
Unknown command.
You bump into the rock wall.
You feel less confused. The adder bites you.
You die...
Xom thinks this is hilarious!

#.#..#
#..##.#.##.###...###..
....##.#.##...)._......
........######...##..# ...
....# ###.##..# #o# #.#.#
#.##..#
#.###.#.########.##(.. #
#.##oo...........##...
#.##.#...o##.####..........
#.[....)rS@..<....######...
####.#######.###### #### #
...# # ##### #


You could see an orc wizard, an adder, an orc and a rat.

Vanquished Creatures
  An orc wizard (D:3)
  Robin (D:3)
  4 adders
  3 dart slugs
  5 orcs (D:3)
  4 ball pythons
  3 bats
  4 endoplasms
  11 goblins
  4 hobgoblins
  8 jackals
  3 quokkas
  2 frilled lizards (D:2)
  9 kobolds
  4 rats
66 creatures vanquished.

Notes
Turn   | Place    | Note
-------+----------+-------------------------------------------
     0 | D:1      | spaghetti the Deep Elf Chaos Knight began the quest for the
                  | Orb.
     0 | D:1      | Reached XP level 1. HP: 13/13 MP: 3/3
    85 | D:1      | XOM: silly message
   142 | D:1      | XOM: silly message
   144 | D:1      | Reached skill level 1 in Stealth
   162 | D:1      | Reached skill level 2 in Stealth
   212 | D:1      | Reached XP level 2. HP: 18/18 MP: 4/4
   212 | D:1      | Gained mutation: You are robust. (+10% HP) [potion of
                  | mutation]
   212 | D:1      | Gained mutation: Your spells are a little harder to cast,
                  | but a little more powerful. [potion of mutation]
   212 | D:1      | Gained mutation: Your spells are harder to cast, but more
                  | powerful. [potion of mutation]
   280 | D:1      | XOM: silly message
   477 | D:1      | XOM: silly message
   489 | D:1      | Reached skill level 3 in Stealth
   760 | D:1      | XOM: give mutations
   760 | D:1      | Gained mutation: Your body sometimes deteriorates upon
                  | taking damage. [Xom's mischief]
   760 | D:1      | Gained mutation: You are clumsy. (Dex -2) [Xom's mischief]
   839 | D:2      | XOM: noise
   951 | D:2      | Reached XP level 3. HP: 17/24 MP: 5/5
  1035 | D:2      | Reached skill level 4 in Stealth
  1078 | D:2      | XOM: 8-stop teleportation journey
  1248 | D:2      | XOM: smoke on damage
  1328 | D:2      | XOM: silly message
  1420 | D:2      | XOM: silly message
  1532 | D:3      | Found a shadowy altar of Dithmenos.
  1556 | D:3      | Reached skill level 5 in Stealth
  1556 | D:3      | Reached XP level 4. HP: 25/29 MP: 6/6
  1599 | D:3      | Found a broken altar of Ashenzari.
  1615 | D:3      | Fell from the grace of Xom
  1615 | D:3      | Became a worshipper of Dithmenos the Shadowed
  1790 | D:3      | Found a white marble altar of Elyvilon.
  1852 | D:3      | Found an opulent altar of Gozag.
  1961 | D:3      | Noticed Robin
  1970 | D:3      | Killed Robin
  1971 | D:3      | Reached skill level 1 in Invocations
  2088 | D:3      | Reached * piety under Dithmenos
  2173 | D:3      | Found a bloodstained altar of Trog.
  2272 | D:3      | Reached XP level 5. HP: 27/34 MP: 8/8
  2284 | D:3      | Slain by an adder

Illustrated notes

Levels and vault maps discovered:
D:1:      dpeg_arrival_rhombi, layout_loops_ring, minmay_misc_feat_pillars,
          nrook_mini_backslash
D:2:      layout_loops_ring
D:3:      layout_loops_ring, nicolae_overflow_quartered_altars,
          nicolae_gozag_seed_capital, trog_three_pillars_becter, uniq_robin

Skill      XL: |  1  2  3  4 |
---------------+-------------+-----
Stealth        | 2 3 5 |  5.8
Invocations    | 2 |  2.0
Fighting       | |  2.4
Short Blades   | |  3.0
Armour         | |  0.7
Dodging        | |  2.4

Action                     |  1- 3 |  4- 6 || total
---------------------------+-------+-------++-------
  Melee: Short sword       |   138 |    84 ||   222
         Punch             |     4 |     2 ||     6
    Use: Scroll            |     5 |     3 ||     8
         Potion            |     4 |     3 ||     7
   Stab: Sleeping          |     9 |     2 ||    11
         Petrifying        |     1 |       ||     1
 Armour: Leather armour    |    76 |    58 ||   134
  Dodge: Dodged            |    81 |    54 ||   135
